 Dungeon Crawl Stone Soup version 0.29-a0-565-g7a16c6de65 (webtiles) character file.

Game seed: 9564385476710369831

5005 Glokmah the Cleaver (level 10, 0/90 HPs)
             Began as a Hill Orc Gladiator on June 12, 2022.
             Was a Follower of Qazlal.
             Slain by a queen bee (2 damage)
             ... on level 7 of the Dungeon.
             The game lasted 00:19:28 (6857 turns).

Glokmah the Cleaver (Hill Orc Gladiator)            Turns: 6857, Time: 00:19:29

Health: 0/90       AC:  6    Str: 18    XL:     10   Next: 54%
Magic:  16/16      EV: 12    Int: 12    God:    Qazlal [*.....]
Gold:   409        SH:  1    Dex: 12    Spells: 11/17 levels left

rFire   . . .      SeeInvis +   a - +2 battleaxe (vorpal)
rCold   . . .      Faith    .   (shield currently unavailable)
rNeg    . . .      Spirit   .   n - +0 troll leather armour {Pargi}
rPois   .          Reflect  .   c - +0 helmet
rElec   .          Harm     .   (no cloak)
rCorr   .          Rampage  .   (no gloves)
Will    .....                   s - +0 pair of boots
Stlth   +.........              q - amulet of magic regeneration
HPRegen 1.05/turn               l - ring of see invisible
MPRegen 0.55/turn               C - ring of flight

@: lethally poisoned (0 -> -7), on berserk cooldown, flying, slowed, studying
Dodging, very slow
A: no striking features
a: Renounce Religion


You were on level 7 of the Dungeon.
You worshipped Qazlal.
Qazlal was aware of your devotion.
You visited 1 branch of the dungeon, and saw 7 of its levels.
You also visited: Sewer.

You collected 409 gold pieces.

Inventory:

Hand Weapons
 a - a +2 vorpal battleaxe (weapon)
Missiles
 b - 130 stones
 d - 3 throwing nets (quivered)
 e - a javelin
 p - 17 poisoned darts
Armour
 c - a +0 helmet (worn)
 n - a +0 troll leather armour (worn) {Pargi}
 s - a +0 pair of boots (worn)
 y - a +2 chain mail of poison resistance
 I - the +0 robe of Hikoiw {*Slow rN+ rCorr Archmagi}
   (You found it on level 7 of the Dungeon)

   rN:        It protects you from negative energy.
   rCorr:     It protects you from acid and corrosion.
   *Slow:     It may slow you when you take damage.
   Archmagi:  It increases the power of your magical spells.
Jewellery
 l - a ring of see invisible (left hand)
 q - an amulet of magic regeneration (around neck)
 C - a ring of flight (right hand)
 E - a ring of fire
Wands
 i - a wand of polymorph (8)
 H - a wand of iceblast (7)
Scrolls
 f - 2 scrolls of magic mapping
 m - a scroll of summoning
 r - a scroll of poison
 x - a scroll of fog {unknown}
 A - a scroll of enchant weapon {unknown}
 B - 4 scrolls of teleportation
 D - a scroll of amnesia {unknown}
Potions
 g - 3 potions of brilliance {unknown}
 h - 5 potions of curing
 j - 2 potions of cancellation {unknown}
 k - a potion of might {unknown}
 o - 3 potions of heal wounds {unknown}
 t - 3 potions of berserk rage
 u - 2 potions of flight {unknown}
 v - a potion of haste {unknown}
 w - a potion of attraction {unknown}
 z - 2 potions of degeneration {unknown}
 G - a potion of mutation {unknown}


   Skills:
 + Level 8.4 Fighting
 * Level 12.9 Axes
 - Level 1.7 Throwing
 - Level 2.4 Dodging
 - Level 2.4 Shields
 + Level 4.4 Spellcasting
 + Level 5.3 Ice Magic
 * Level 5.4 Invocations


You had 11 spell levels left.
You knew the following spells:

 Your Spells              Type           Power      Damage    Failure   Level
a - Frozen Ramparts       Ice            30%        1d5       9%          3
b - Ozocubu's Armour      Ice            15%        N/A       9%          3

Your spell library contained the following spells:

 Spells                   Type           Power      Damage    Failure   Level
 Ensorcelled Hibernation  Hex/Ice        18%        N/A       13%         2
 Gell's Gravitas          Tloc           2%         N/A       58%         3
 Spider Form              Tmut/Pois      2%         N/A       58%         3
 Stone Arrow              Conj/Erth      4%         3d7       58%         3
 Teleport Other           Tloc           2%         N/A       58%         3
 Ice Form                 Ice/Tmut       9%         N/A       63%         4
 Summon Ice Beast         Ice/Summ       9%         N/A       63%         4
 Anguish                  Hex/Necr       1%         N/A       94%         4
 Animate Armour           Summ/Erth      4%         N/A       94%         4
 Dispersal                Tloc           1%         N/A       100%        6
 Ozocubu's Refrigeration  Ice            7%         4d6       100%        7
 Lehudib's Crystal Spear  Conj/Erth      1%         10d2      100%        8


Dungeon Overview and Level Annotations

Branches:
Dungeon (7/15)             Temple (0/1) D:7           Sewer (visited)

Altars:
Ashenzari
Elyvilon
Qazlal
Ru
Xom

Annotations:
D:7 1 transporter


Message History

You feel yourself speed up.
You feel very sick.
The wall freezes the killer bee.
The killer bee stings you but does no damage.
The wall freezes KristoblXynda's ghost.
KristoblXynda's ghost closely misses you.
The wall freezes the queen bee.
The wall freezes the killer bee.
You block the killer bee's attack.
You slash KristoblXynda's ghost!
KristoblXynda's ghost is severely damaged.
You slash the killer bee!
You kill the killer bee!
Qazlal accepts your kill.
The frozen ramparts melt away.
You feel sick. KristoblXynda's ghost hits you!
* * * LOW HITPOINT WARNING * * *
You hit KristoblXynda's ghost.
KristoblXynda's ghost is severely damaged.
You feel sick. KristoblXynda's ghost misses you.
You slash KristoblXynda's ghost!
You destroy KristoblXynda's ghost!
Qazlal accepts your kill.
You feel sick.
Your Invocations skill increases to level 5!
Your icy armour will break if you move.
Continue?
Your icy armour cracks and falls away as you move.
You feel sick. The queen bee closely misses you.
You slash the queen bee!
The queen bee is severely wounded.
You are no longer berserk.
You are exhausted.
You feel yourself slow down.
You feel sick. The queen bee stings you!
* * * LOW HITPOINT WARNING * * *
You are lethally poisoned!
The queen bee poisons you!
You hit the queen bee.
The queen bee is severely wounded.
* * * LOW HITPOINT WARNING * * *
You feel extremely sick. The queen bee stings you.
You die...

## #..###.###.###.#
#.... #
#..##...#...##.####...#
#
#..##.#.#.#.##....#...<
#
#..##!..#...##..#.#....
##
#..#.#!#.#.#.#..#.#..##
.#
#.)#).#...#..#....#....
.#
#.©#©.#.#.#.©#©...#.###
'####
##.#?y#...#..#....#.# #
....#
#.#!#@#.#.#.#....#.# #
....#
#.##††.#...##).#...###
>...#
#.##.###.#.##))<......
....#
#.##!..#...##)###..###
....#
#.###.###.###..)...# #
'####
#..#########.......###
.#
##..###.###.......>...
##
##...........#####...
#####......## #...


You could see a queen bee.

Vanquished Creatures
  The ghost of KristoblXynda the Cleaver, a novice MiGl (D:7)
  A cyclops (D:7)
  A gargoyle (D:7)
  The ghost of JosephDoom the Unlucky Demonspawn, a novice DsIE of Nemelex Xobeh (D:5)
  2 hornets
  Prince Ribbit (D:6)
  Sigmund (D:6)
  Eustachio (D:4)
  A steam dragon (D:7)
  Pargi (Sewer)
  Duvessa (D:4)
  An ice beast (D:7)
  A sky beast (D:7)
  3 ogres (D:6)
  2 phantoms
  A kobold brigand (D:5)
  A necrophage (D:6)
  A bullfrog (D:6)
  3 scorpions
  3 wights (D:7)
  Dowan (D:4)
  5 killer bees (D:7)
  A howler monkey (D:6)
  4 jellies
  3 hounds
  6 iguanas
  7 orc wizards
  2 killer bee zombies (D:5)
  Robin (D:2)
  13 adders
  A river rat (D:5)
  A shadow imp (D:7)
  A white imp (D:7)
  A worm (D:2)
  5 dart slugs
  32 orcs
  6 bats
  7 endoplasms
  2 giant cockroaches
  12 goblins
  9 hobgoblins
  6 jackals
  4 quokkas
  8 ball pythons
  2 frilled lizards (D:1)
  16 kobolds
  8 rats
192 creatures vanquished.

Vanquished Creatures (others)
  A frilled lizard (D:1)
  A fungus (D:5)
  2 plants (D:7)
4 creatures vanquished.

Grand Total: 196 creatures vanquished

Notes
Turn   | Place    | Note
-------+----------+-------------------------------------------
     0 | D:1      | Glokmah the Hill Orc Gladiator began the quest for the Orb.
     0 | D:1      | Reached XP level 1. HP: 18/18 MP: 1/1
    80 | D:1      | Reached XP level 2. HP: 16/25 MP: 2/2
   598 | D:1      | Reached XP level 3. HP: 31/31 MP: 3/3
   606 | D:1      | Reached skill level 5 in Axes
   666 | D:1      | Reached skill level 1 in Shields
  1094 | D:2      | Reached XP level 4. HP: 38/38 MP: 4/4
  1373 | D:2      | Found a faded altar of an unknown god.
  1542 | D:2      | Noticed Robin
  1554 | D:2      | Killed Robin
  1555 | D:2      | Reached skill level 6 in Axes
  1565 | D:2      | Reached XP level 5. HP: 35/46 MP: 5/5
  2677 | D:4      | Noticed Duvessa
  2993 | D:4      | Identified a scroll of acquirement
  2993 | D:4      | Acquired a +2 vorpal battleaxe
  3005 | D:4      | Learned a level 3 spell: Frozen Ramparts
  3068 | D:4      | Noticed Dowan
  3191 | D:4      | Killed Duvessa
  3192 | D:4      | Reached skill level 7 in Axes
  3192 | D:4      | Reached XP level 6. HP: 48/53 MP: 6/6
  3412 | D:4      | Killed Dowan
  3413 | D:4      | Reached skill level 1 in Ice Magic
  3655 | D:4      | Noticed Eustachio
  3685 | D:3      | Reached skill level 1 in Spellcasting
  3685 | D:3      | Reached XP level 7. HP: 49/60 MP: 8/8
  3750 | D:4      | Killed Eustachio
  3751 | D:4      | Reached skill level 5 in Fighting
  3751 | D:4      | Reached skill level 8 in Axes
  4414 | D:5      | Entered Level 5 of the Dungeon
  4475 | D:5      | Found a white marble altar of Elyvilon.
  4478 | D:5      | Noticed a hornet
  4482 | D:5      | Killed a hornet
  4483 | D:5      | Reached skill level 9 in Axes
  4483 | D:5      | Reached XP level 8. HP: 30/70 MP: 9/11
  4498 | D:5      | Found a glowing drain.
  4527 | Sewer    | Entered a sewer
  4720 | Sewer    | Noticed Pargi
  4736 | Sewer    | Killed Pargi
  5151 | D:5      | Found a runed translucent gate.
  5151 | D:5      | Found a runed translucent gate.
  5151 | D:5      | Found a runed translucent gate.
  5152 | D:5      | Noticed JosephDoom's ghost (novice DsIE)
  5225 | D:5      | Killed JosephDoom's ghost
  5226 | D:5      | Reached skill level 10 in Axes
  5314 | D:5      | Reached XP level 9. HP: 78/78 MP: 13/13
  5346 | D:5      | Found a sacrificial altar of Ru.
  5349 | D:5      | Found a stormy altar of Qazlal.
  5410 | D:5      | Found a broken altar of Ashenzari.
  5412 | D:5      | Found a shimmering altar of Xom.
  5565 | D:6      | Noticed Sigmund
  5571 | D:6      | Killed Sigmund
  5643 | D:6      | Learned a level 3 spell: Ozocubu's Armour
  5702 | D:6      | Noticed Prince Ribbit
  5707 | D:6      | Killed Prince Ribbit
  5708 | D:6      | Reached skill level 11 in Axes
  6128 | D:5      | Became a worshipper of Qazlal Stormbringer
  6161 | D:7      | Noticed a gargoyle
  6161 | D:7      | Noticed a cyclops
  6253 | D:7      | Reached skill level 1 in Invocations
  6287 | D:7      | Killed a gargoyle
  6288 | D:7      | Reached skill level 12 in Axes
  6338 | D:7      | Identified the +0 robe of Hikoiw {*Slow rN+ rCorr Archmagi}
  6388 | D:7      | Reached XP level 10. HP: 61/88 MP: 16/16
  6388 | D:7      | Acquired a manual of Dodging
  6417 | D:7      | Noticed KristoblXynda's ghost (novice MiGl)
  6418 | D:7      | Found a transporter.
  6421 | D:7      | Found a transporter.
  6643 | D:7      | Killed a cyclops
  6644 | D:7      | Reached skill level 5 in Ice Magic
  6770 | D:7      | Found a staircase to the Ecumenical Temple.
  6846 | D:7      | Paralysed by a hornet for 1 turns
  6847 | D:7      | Reached * piety under Qazlal
  6854 | D:7      | Killed KristoblXynda's ghost
  6855 | D:7      | Reached skill level 5 in Invocations
  6857 | D:7      | HP: 2/90 [poisoned by a queen bee]
  6857 | D:7      | Slain by a queen bee

Illustrated notes

Levels and vault maps discovered:
D:1:      lemuel_arrival_broad_hall, layout_rooms, st_stairs_9,
          lemuel_old_faithful
D:2:      layout_loops_ring, shapermc_ecumenical_altar_mp_highgroup,
          kennysheep_generic_room_15, uniq_robin
D:3:      layout_loops_ring
D:4:      layout_cave_pools, moated_statue, grunt_ministairs_1, uniq_duvessa,
          uniq_eustachio
D:5:      layout_basic, elyvilon_altar_1, nicolae_overflow_hidden_temple,
          gammafunk_ghost_necromancy, portal_sewer_entry_b,
          hangedman_decor_points, nicolae_fountain_basement
D:6:      layout_basic, uniq_prince_ribbit1, uniq_sigmund
D:7:      layout_basic, temple_green, gammafunk_ghost_hive, serial_bayou_pond_d

Skill      XL: |  1  2  3  4  5  6  7  8  9 10 |
---------------+-------------------------------+-----
Fighting       | 3 4 5 6 7 8 |  8.4
Axes           | 5 6 7 9 10 12 | 12.9
Shields        | 1 2 |  2.4
Ice Magic      | 1 2 3 4 5 |  5.3
Spellcasting   | 1 2 3 4 |  4.4
Invocations    | 3 5 |  5.4
Throwing       | |  1.7
Dodging        | |  2.4

Action                   |  1- 3 |  4- 6 |  7- 9 | 10-12 || total
-------------------------+-------+-------+-------+-------++-------
Melee: War axe           |    91 |   136 |       |       ||   227
       Punch             |     2 |       |       |       ||     2
       Battleaxe         |       |    26 |   214 |    49 ||   289
       Unarmed           |       |     2 |       |       ||     2
 Cast: Frozen Ramparts   |       |       |    13 |     5 ||    18
       Ozocubu's Armour  |       |       |     3 |     2 ||     5
  Use: Scroll            |       |     5 |     2 |     1 ||     8
       Potion            |       |       |       |     1 ||     1
Armor: Leather armour    |    40 |    48 |    34 |       ||   122
       Troll leather arm |       |       |    28 |    15 ||    43
       Chain mail        |       |       |       |     1 ||     1
Dodge: Dodged            |    55 |    95 |   142 |    24 ||   316
Block: Buckler           |    15 |    24 |       |       ||    39
       Other             |       |       |       |     1 ||     1

Table legend: (Time is in decaauts)
 A = Elapsed time spent in this place.
 B = Non-inter-level travel time spent in this place.
 C = Inter-level travel time spent in this place.
 D = Time resting spent in this place.
 E = Time spent auto-exploring this place.
 F = Levels seen in this place.
 G = Mean time per level.
                   A        B        C        D        E       F      G
               +--------+--------+--------+--------+--------+-----+--------+
         Total |   6986 |   6636 |    350 |   1168 |   3532 |   8 |  873.2 |
       Dungeon |   6543 |   6193 |    350 |    829 |   3520 |   7 |  934.7 |
         Sewer |    443 |    443 |      0 |    339 |     12 |   1 |  443.0 |
               +--------+--------+--------+--------+--------+-----+--------+

Top non-repeatable levels by time:
     D:3: 1716 daAuts
     D:2: 1055 daAuts
     D:4: 875 daAuts
     D:1: 851 daAuts
     D:5: 761 daAuts
     D:7: 644 daAuts
     D:6: 637 daAuts
   Sewer: 443 daAuts
